 Dungeon Crawl Stone Soup version 0.23.2-1-ga50397a6bc (webtiles) character file.

Game seed: 17784254513211391085

26 ThisWasInevitable the Sneak (level 2, -1/12 HPs)
             Began as a Felid Ice Elementalist on May 24, 2019.
             Slain by a gnoll
             ... wielding a +0 flail
              (13 damage)
             ... on level 2 of the Dungeon.
             The game lasted 00:02:58 (1512 turns).

ThisWasInevitable the Sneak (FeIE)                  Turns: 1512, Time: 00:02:58

Health: -1/12      AC:  1    Str:  4    XL:     2   Next: 89%
Magic:  5/6        EV: 18    Int: 16    God:
Gold:   81         SH:  0    Dex: 16    Spells: 4/5 levels left
                                        Lives:  0   Deaths: 0

rFire    . . .     SeeInvis +   (weapon unavailable)
rCold    . . .     Gourm    .   (shield unavailable)
rNeg     . . .     Faith    .   (armour unavailable)
rPois    .         Spirit   .   (helmet unavailable)
rElec    .         Reflect  .   (cloak unavailable)
rCorr    .         Harm     .   (gloves unavailable)
MR       .....                  (boots unavailable)
Stlth    ++++......             (no amulet)
HPRegen  0.04/turn              c - ring of stealth
MPRegen  0.10/turn              (no ring)

@: quick
A: very small, no armour, no weapons or thrown items, stealth, claws 1, fangs 3,
see invisible, carnivore, speed 1, shaggy fur 1, slow metabolism 1, sharp paws
a: no special abilities


You were on level 2 of the Dungeon.
You were full.

You visited 1 branch of the dungeon, and saw 2 of its levels.

You collected 81 gold pieces.

Inventory:

Jewellery
 c - a ring of stealth (left paw)
 h - a +1 ring of protection {unknown}
Scrolls
 a - 3 scrolls of teleportation {unknown}
 d - 4 scrolls of identify {unknown}
 e - a scroll of amnesia {unknown}
 g - a scroll of remove curse {unknown}
Potions
 f - a potion of might {unknown}
 i - a potion of mutation {unknown}
Comestibles
 b - 3 rations


   Skills:
 + Level 0.9 Fighting
 + Level 3.1 Dodging
 + Level 3.2 Stealth
 + Level 2.2 Spellcasting
   Level 0.8 Conjurations
 + Level 3.0 Ice Magic


You had 4 spell levels left.
You knew the following spells:

 Your Spells              Type           Power        Failure   Level  Hunger
a - Freeze                Ice            ##..         6%          1    #......

Your spell library contained the following spells:

 Spells                   Type           Power        Failure   Level  Hunger
 Throw Frost              Conj/Ice       #.....       14%         2    ###....
 Ozocubu's Armour         Chrm/Ice       #.......     32%         3    ###....
 Throw Icicle             Conj/Ice       #.......     65%         4    #####..
 Summon Ice Beast         Ice/Summ       #.......     73%         4    #####..


Dungeon Overview and Level Annotations

Branches:
Dungeon (2/15)

Altars:


Innate Abilities, Weirdness & Mutations

You cannot wear armour.
You are incapable of wielding weapons or throwing items.
Your paws allow you to move quietly. (Stealth)
You have sharp claws.
You have razor-sharp teeth.
You have supernaturally acute eyesight. (SInv)
You are carnivorous and can eat meat at any time.
You cover ground quickly.
You are covered in fur. (AC +1)
You have a slow metabolism.
Your sharp claws are effective at attacking unaware monsters.


Message History

You climb upwards.
There is a stone staircase leading down here.
Magic restored.
There is a stone staircase leading down here.
You start waiting.
Done waiting.
You climb downwards.
There is a stone staircase leading up here.
The gnoll is too close now for your liking.
The gnoll misses you.
Casting: Freeze (safe; 6% risk of failure)
Confirm with . or Enter, or press ? or * to list all spells.
Aiming: Freeze (safe; 6% risk of failure)
Press: ? - help, Shift-Dir - straight line, f - gnoll
Aim: a gnoll, wielding a +0 flail You freeze the gnoll.
The gnoll is moderately wounded.
The gnoll hits you with a +0 flail!
Ouch! That really hurt!
You die...

#.. #.# #.# #.#
#.# #.###.##
#.##...##
#.#..... #.#....
#.#.#g########
#.#.#@##.....#
#.....##.###<#
###%.....# #.#
#†<##..# #.#
#####..##..###.#
#...............
#.####).###.##..
#..# ..... .#.#
.##.##


You could see a gnoll.

Vanquished Creatures
  A dart slug (D:2)
  A leopard gecko (D:1)
  4 bats (D:1)
  A giant cockroach (D:1)
  5 goblins
  5 hobgoblins
  3 frilled lizards
  A kobold (D:1)
  A rat (D:2)
22 creatures vanquished.

Notes
Turn   | Place    | Note
-------+----------+-------------------------------------------
     0 | D:1      | ThisWasInevitable the Felid Ice Elementalist began the
                  | quest for the Orb.
     0 | D:1      | Reached XP level 1. HP: 7/7 MP: 4/4
   476 | D:1      | Reached XP level 2. HP: 12/12 MP: 4/6
  1512 | D:2      | Slain by a gnoll

Skill      XL: |  1  2 |
---------------+-------+-----
Stealth        | 3 |  3.2
Dodging        | 3 |  3.1
Ice Magic      | 3 |  3.0
Fighting       | |  0.9
Spellcasting   | |  2.2
Conjurations   | |  0.8

Action                   || total
-------------------------++-------
Melee: Unarmed           ||    25
 Cast: Freeze            ||    28
 Stab: Sleeping          ||     4
  Eat: Chunk             ||     6
Armor: Skin              ||     3
Dodge: Dodged            ||    49
